 Dungeon Crawl Stone Soup version 0.27-a0-1177-g245c70e1c0 (webtiles) character file.

Game seed: 11399887355837155529

44 MikuNakano the Shield-Bearer (level 3, 0/20 HPs)
             Began as a Vine Stalker Fighter on May 16, 2021.
             Succumbed to an adder's poison
             ... on level 2 of the Dungeon.
             The game lasted 00:00:52 (1592 turns).

MikuNakano the Shield-Bearer (Vine Stalker Fighter) Turns: 1592, Time: 00:00:52

Health: 0/20       AC:  6    Str: 19    XL:     3   Next: 60%
Magic:  1/4        EV:  7    Int:  8    God:
Gold:   80         SH:  9    Dex: 13    Spells: 2/2 levels left

rFire    . . .     SeeInvis .   a - +0 trident
rCold    . . .     Faith    .   c - +0 kite shield
rNeg     . . .     Spirit   +   b - +0 scale mail
rPois    .         Reflect  .   (no helmet)
rElec    .         Harm     .   (no cloak)
rCorr    .         Rampage  .   (no gloves)
Will     .....                  (no boots)
Stlth    ..........             (no amulet)
HPRegen  0.06/turn              (no ring)
MPRegen  0.09/turn              (no ring)

@: lethally poisoned (0 -> -7)
A: fangs 2, magic shield, antimagic bite, no potion heal 2
a: no special abilities


You were on level 2 of the Dungeon.
You visited 1 branch of the dungeon, and saw 2 of its levels.

You collected 80 gold pieces.

Inventory:

Hand Weapons
 a - a +0 trident (weapon)
Armour
 b - a +0 scale mail (worn)
 c - a +0 kite shield (worn)
Scrolls
 e - 2 scrolls of teleportation {unknown}
 f - a scroll of noise {unknown}
 h - a scroll of amnesia {unknown}
Potions
 d - a potion of might
 g - a potion of brilliance {unknown}


   Skills:
 + Level 3.0 Fighting
 + Level 2.1 Polearms
 + Level 2.9 Armour
 + Level 3.1 Shields


You had 2 spell levels left.
You didn't know any spells.
Your spell library was empty.

Dungeon Overview and Level Annotations

Branches:
Dungeon (2/15)

Altars:


Innate Abilities, Weirdness & Mutations

You have extremely sharp teeth.
When hurt, damage is shared between your health and your magic reserves.
Your bite disrupts and absorbs the magic of your enemies.
Potions cannot restore your health.


Message History

The adder barely misses you. You block the adder's attack. The adder bites you.
You hit the adder. Your bite misses the adder.
The adder is heavily wounded.
The adder closely misses you. The adder barely misses you. The adder bites you.
You are poisoned.
The adder poisons you! The adder barely misses you.
You miss the adder. You bite the adder. You drain its power.
You feel invigorated.
The adder is almost dead.
You feel sick. You block the adder's attack.
The adder bites you but does no damage. You block the adder's attack.
You completely miss the adder. You bite the adder. You drain its power.
The adder is almost dead.
You feel sick.
The adder bites you but does no damage. x2
You block the adder's attack. x2
You closely miss the adder. You bite the adder.
You kill the adder!
You feel sick. The adder bites you but does no damage.
You closely miss the adder.
You feel sick.
You are no longer poisoned.
The adder bites you but does no damage. The adder barely misses you.
You closely miss the adder. Your bite misses the adder.
The adder bites you but does no damage. The adder bites you.
You are poisoned.
The adder poisons you!
You are too injured to fight recklessly!
You are too injured to fight recklessly!
You are too injured to fight recklessly!
You are too injured to fight recklessly!
You closely miss the adder. Your bite misses the adder.
You feel sick. The adder bites you.
* * * LOW HITPOINT WARNING * * *
You block the adder's attack.
You barely miss the adder.
You feel sick. The adder bites you.
* * * LOW HITPOINT WARNING * * *
You are lethally poisoned!
The adder poisons you! You block the adder's attack.
You puncture the adder!
You kill the adder!
You die...

### ..
#####.#####
.........#
..####........#
.....<.......#
#.#...#.....#.
#...†@<..[....
#.##.†....#.#.
......#.##
####...#.#
##..# # ...#
##.# #.#


There were no monsters in sight!

Vanquished Creatures
  2 adders (D:2)
  5 ball pythons (D:1)
  6 endoplasms (D:1)
  3 giant cockroaches (D:1)
  4 goblins (D:1)
  3 hobgoblins (D:1)
  2 jackals (D:1)
  A quokka (D:1)
  2 bats (D:1)
  A frilled lizard (D:1)
29 creatures vanquished.

Notes
Turn   | Place    | Note
-------+----------+-------------------------------------------
     0 | D:1      | MikuNakano the Vine Stalker Fighter began the quest for the
                  | Orb.
     0 | D:1      | Reached XP level 1. HP: 11/11 MP: 2/2
   299 | D:1      | Reached XP level 2. HP: 14/16 MP: 3/3
   839 | D:1      | Reached XP level 3. HP: 19/19 MP: 4/4
  1592 | D:2      | Succumbed to an adder's poison

Illustrated notes

Levels and vault maps discovered:
D:1:      sevenhm_arrival_forest_fort_small_4, layout_basic,
          minmay_shallow_snake_nest
D:2:      layout_basic

Skill      XL: |  1  2  3 |
---------------+----------+-----
Shields        | 3 |  3.1
Fighting       | 3 |  3.0
Polearms       | 2 |  2.1
Armour         | |  2.9

Action                   || total
-------------------------++-------
Melee: Trident           ||    99
       Bite              ||    20
Armor: Scale mail        ||    39
Dodge: Dodged            ||    37
Block: Kite shield       ||    49

Table legend: (Time is in decaauts)
 A = Elapsed time spent in this place.
 B = Non-inter-level travel time spent in this place.
 C = Inter-level travel time spent in this place.
 D = Time resting spent in this place.
 E = Time spent auto-exploring this place.
 F = Levels seen in this place.
 G = Mean time per level.
                   A        B        C        D        E       F      G
               +--------+--------+--------+--------+--------+-----+--------+
         Total |   1647 |   1492 |    155 |      0 |   1291 |   2 |  823.5 |
       Dungeon |   1647 |   1492 |    155 |      0 |   1291 |   2 |  823.5 |
               +--------+--------+--------+--------+--------+-----+--------+

Top non-repeatable levels by time:
     D:1: 1633 daAuts
     D:2: 14 daAuts
